 Dungeon Crawl Stone Soup version 0.32-a0-868-g153ae1a8d6 (webtiles) character file.

Game seed: 8673696525960838666

100166 smashvw the Severer (level 15, -6/144 HPs)
             Began as a Minotaur Berserker on Mar 29, 2024.
             Was a High Priest of Trog.
             Mangled by a merfolk impaler
             ... wielding a +0 vampiric trident
              (12 damage)
             ... on level 4 of the Shoals.
             The game lasted 01:04:59 (23600 turns).

smashvw the Severer (Minotaur Berserker)           Turns: 23600, Time: 01:04:59

Health: -6/144     AC: 21    Str: 37    XL:     15   Next: 79%
Magic:  14/14      EV:  8    Int:  9    God:    Trog [*****.]
Gold:   2696       SH: 12    Dex: 12    Spells: 14/14 levels left

rFire   . . .        X - +8 trishula "Condemnation" {holy, anguish, *Noise Fly rN+}
rCold   + + +        b - +1 kite shield
rNeg    + + .        M - +0 plate armour "Miacwan" {rN+ Str+5}
rPois   +            (helmet restricted)
rElec   .            B - -2 cloak of Untruth {+Inv rC++ Dex+3}
rCorr   .            k - +0 pair of gloves
SInv    .            Z - +0 pair of boots
Will    +....        j - amulet "Coitu" {rC+ Will+ Regen+} Stlth
                     E - ring of Skepticism {Wiz rPois rC+ Int+3 Dex-2}
HPRegen 1.24/turn    D - +6 ring of strength
MPRegen 0.14/turn

%: wizardry (x1)
@: weak-willed, on berserk cooldown, flying, slowed, very slow
A: horns 2, retaliatory headbutt
a: Renounce Religion, Evoke Invisibility, Berserk, Trog's Hand, Brothers in Arms


You were on level 4 of the Shoals.
You worshipped Trog.
Trog was extremely pleased with you.
You visited 4 branches of the dungeon, and saw 21 of its levels.
You also visited: Bailey and Ice Cave.

You collected 3288 gold pieces.
You spent 592 gold pieces at shops.

Inventory:

Hand Weapons
 a - a +0 hand axe
 c - a +1 war axe of venom
 T - a +2 battleaxe of flaming
 W - a +0 broad axe
 X - the +8 trishula "Condemnation" (weapon) {holy, anguish, *Noise Fly rN+}
   (You found it on level 4 of the Lair of Beasts)

   rN+:       It protects you from negative energy.
   Fly:       It grants you flight.
   *Noise:    It may make a loud noise when swung.
Missiles
 P - 5 throwing nets
Armour
 b - a +1 kite shield (worn)
 k - a +0 pair of gloves (worn)
 B - the -2 cloak of Untruth (worn) {+Inv rC++ Dex+3}
   (You found it on level 5 of the Dungeon)

   Dex+3:     It affects your dexterity (+3).
   rC++:      It greatly protects you from cold.
   +Inv:      It lets you turn invisible.
 G - a +0 chain mail
 M - the +0 plate armour "Miacwan" (worn) {rN+ Str+5}
   (You found it on level 11 of the Dungeon)

   Str+5:     It affects your strength (+5).
   rN+:       It protects you from negative energy.
 R - a scarf of invisibility
 Z - a +0 pair of boots (worn)
Jewellery
 d - a ring of protection from fire
 e - a +6 ring of strength
 j - the amulet "Coitu" (around neck) {rC+ Will+ Regen+}
   (You acquired it on level 9 of the Dungeon)

   [amulet of regeneration]

   rC+:       It protects you from cold.
   Will+:     It increases your willpower.
   Regen+:    It increases your rate of health regeneration.
 m - a ring of flight
 p - a ring of willpower
 q - a ring of resist corrosion
 s - a ring of protection from fire
 A - a +6 ring of strength
 D - a +6 ring of strength (right hand)
 E - the ring of Skepticism (left hand) {Wiz rPois rC+ Int+3 Dex-2}
   (You found it on level 5 of the Dungeon)

   [ring of wizardry]

   Wiz:       It improves your spell success rate.
   Int+3:     It affects your intelligence (+3).
   Dex-2:     It affects your dexterity (-2).
   rC+:       It protects you from cold.
   rPois:     It protects you from poison.
 L - a ring of willpower
 N - the ring "Eggoxyn" {*Slow rElec rF- rCorr AC+4}
   (You took it off an ogre mage on level 11 of the Dungeon)

   [ring of protection]

   AC+4:      It affects your AC (+4).
   rF-:       It makes you vulnerable to fire.
   rElec:     It insulates you from electricity.
   rCorr:     It protects you from acid and corrosion.
   *Slow:     It may slow you when you take damage.
Wands
 y - a wand of iceblast (12)
 S - a wand of polymorph (5)
 V - a wand of digging (6)
 Y - a wand of acid (5)
Scrolls
 h - 4 scrolls of enchant weapon
 n - a scroll of noise
 o - 4 scrolls of vulnerability
 r - 3 scrolls of immolation
 t - 2 scrolls of poison
 F - 4 scrolls of revelation
 H - a scroll of brand weapon
 J - a scroll of blinking
 K - a scroll of torment
Potions
 f - 2 potions of resistance
 g - 2 potions of enlightenment
 l - 2 potions of mutation
 v - 4 potions of lignification
 w - a potion of degeneration
 z - 4 potions of curing
 C - a potion of brilliance {unknown}
 Q - a potion of magic
 U - a potion of ambrosia {unknown}
Miscellaneous
 O - a lightning rod (4/4)


   Skills:
 + Level 16.0 Fighting
 - Level 18.0(18.5) Axes
 - Level 7.8(14.0) Polearms
 + Level 17.5 Armour
 - Level 2.1 Dodging
 - Level 10.0 Shields
 - Level 10.0 Evocations


You had 14 spell levels left.
You didn't know any spells.
Your spell library was empty.

Dungeon Overview and Level Annotations

Branches:
Dungeon (11/15)            Temple (0/1) D:4            Lair (4/5) D:8
 Shoals (4/4) Lair:2        Snake (0/4) Lair:3          Orc (2/2) D:11
    Elf (0/3) Orc:2        Bailey (visited)           IceCv (visited)
  Slime: Lair:4-5

Altars:
Cheibriados
Dithmenos
Elyvilon
Fedhas
Makhleb
Qazlal
Sif Muna
Xom
Yredelemnul

Shops:
D:11 **(*   Orc:2 ==:   Shoals:1 ***   Shoals:2 (   Shoals:3 [

Annotations:
D:4 3 runed translucent doors, xianbchi's ghost, amateur OpBr
Lair:3 1 runed translucent door, DeathSocks's ghost, journeyman VSIE
Shoals:3 Roxanne


Innate Abilities, Weirdness & Mutations

You have a pair of horns on your head.
You reflexively headbutt those who attack you in melee.


Message History

The merfolk shouts!
The merfolk throws a throwing net.
You block the throwing net.
Things that are here:
a throwing net; a manticore corpse You impale the faun!!
The faun is haunted by guilt!
The faun is moderately wounded.
You block the faun's attack.
You barely miss the faun. Your headbutt misses the faun.
The faun is moderately wounded.
The faun hits you with a +0 spear!
* * * LOW HITPOINT WARNING * * *
The faun is wracked by anguish!
The merfolk hits you from afar with a +0 spear.
* * * LOW HITPOINT WARNING * * *
As you read the scroll of fear, it crumbles to dust.
You assume a fearsome visage.
The faun looks frightened!
The merfolk impaler easily resists.
The merfolk easily resists.
The merfolk impaler hits you from afar with a +0 vampiric trident!
* * * LOW HITPOINT WARNING * * *
You block the merfolk impaler's attack.
The merfolk hits you from afar with a +0 spear.
* * * LOW HITPOINT WARNING * * *
A merfolk comes into view. It is wielding a +0 halberd.
You block the merfolk impaler's attack.
Okay, then.
Blink to where?
Press: ? - help, Dir - move target A water nymph comes into view.
Found 33 gold pieces and a potion of resistance.
As you read the scroll of blinking, it crumbles to dust.
The water nymph shouts!
The merfolk closely misses you. x2; You block the merfolk impaler's attack.
You block the merfolk's attack.
This staircase leads to a travel-excluded area!
The faun unwields a +0 club.
The faun wields a +0 sling.
The faun shoots a sling bullet.
You block the sling bullet.
The merfolk hits you from afar with a +0 halberd!!
* * * LOW HITPOINT WARNING * * *
The merfolk impaler hits you from afar with a +0 vampiric trident!
You die...

#~~≈≈##≈.≈.≈≈≈
##~~≈##....≈≈≈≈
##~~~≈#.....≈≈≈≈
~######~~~~≈##.)..~c~
~~~~~~~~~~~###c...♣
..~~~~....~###c)..♣ ♣
...~~)~.mm†c#c.c..♣ ≈♣
....~~~~~~~#)#..♣♣♣ ≈♣
.$..~m~@~~~###)).♣♣≈♣♣.
!...~~~~~~~≈##♣))T≈≈≈≈≈
....~~~~~m~≈##..†.≈≈≈≈≈
#$~~~~~~~~~≈#...†≈≈≈≈≈≈
.~~~~~~≈~~~≈#♣...~)≈≈≈≈
.~~~~~~~≈≈~≈#....#.~cc.
~~~~~~~≈≈≈≈≈##♣♣♣######
~~~~~≈≈≈≈≈≈≈≈


You could see a merfolk impaler, 2 merfolk, a faun and a water nymph.

Vanquished Creatures
  Jorgrun (Shoals:2)
  Mlioglotl (Shoals:3)
  A kraken (Shoals:1)
  Aizul (Shoals:3)
  An eleionoma (Shoals:4)
  3 merfolk impalers
  Harold (D:9)
  3 hydras
  An ice dragon (IceCv)
  An ogre mage (D:11)
  Erica (D:9)
  3 merfolk avatars
  3 centaur warriors
  An alligator snapping turtle (Shoals:3)
  A boulder beetle (D:11)
  3 satyrs (Shoals:4)
  2 two-headed ogres
  3 orc high priests
  Sonja (D:10)
  3 skysharks
  9 sea snakes
  4 orc knights
  An obsidian bat (Orc:1)
  16 harpies
  A wolf spider (Lair:4)
  2 ugly things
  9 manticores
  6 orc sorcerers (Orc:2)
  10 fauns
  5 cyclopes
  3 elephants (Lair:1)
  A water nymph (Lair:2)
  4 kobold blastminers
  7 merfolk sirens
  7 black mambas
  A gargoyle (D:11)
  2 ice statues (IceCv)
  11 cane toads
  Jeremiah (D:9)
  3 unseen horrors
  6 komodo dragons
  5 rime drakes
  3 kobold demonologists (D:11)
  Psyche (D:8)
  10 merfolk
  5 trolls
  Prince Ribbit (D:5)
  A wind drake (Shoals:1)
  2 hornets
  8 blink frogs (Lair:2)
  15 dream sheep
  3 wyverns
  A shadow (D:11)
  A water elemental (Shoals:3)
  A vampire (D:11)
  2 wraiths
  2 basilisks
  36 yaks
  A warg (Orc:1)
  8 vampire mosquitoes
  3 steam dragons
  4 nagas (Lair:3)
  2 acid dragons
  12 water moccasins
  16 orc warriors
  2 sky beasts (D:7)
  6 black bears
  2 ice beasts
  15 wolves
  A centaur (D:5)
  2 ogres
  2 phantoms
  8 kobold brigands
  19 bullfrogs
  Blork the orc (D:6)
  4 scorpions
  2 gnoll sergeants
  12 wights
  3 lindwurm simulacra (IceCv)
  9 killer bees
  4 howler monkeys
  3 electric eels (Lair:3)
  3 bombardier beetles (D:4)
  9 komodo dragon simulacra (IceCv)
  7 hounds
  12 orc priests
  2 sleepcaps
  An iguana (D:7)
  20 orc wizards
  7 gnolls
  4 acid dragon simulacra (IceCv)
  10 adders
  3 shadow imps
  2 white imps
  6 ufetubi
  5 steam dragon simulacra (IceCv)
  5 dart slugs
  3 ribbon worms
  53 orcs
  6 endoplasms
  4 giant cockroaches
  9 goblins
  9 hobgoblins
  A quokka (D:5)
  3 training dummies (Shoals:2)
  7 ball pythons
  6 bats
  5 frilled lizards
  26 kobolds
  8 rats
  2 tentacles (Shoals:1)
620 creatures vanquished.

Vanquished Creatures (collateral kills)
  2 fauns (Shoals:4)
  A merfolk siren (Shoals:4)
  2 water nymphs (Shoals:4)
  2 centaurs (Shoals:4)
7 creatures vanquished.

Vanquished Creatures (others)
  An eleionoma (Shoals:4)
  An orc high priest (Orc:2)
  A skyshark (Shoals:1)
  An orc knight (Orc:2)
  3 harpies
  A faun (Shoals:3)
  A rime drake (IceCv)
  2 merfolk (Shoals:3)
  A wind drake (Shoals:3)
  4 snapping turtles
  A warg (Orc:1)
  An orc wizard (Orc:1)
  An orc (D:7)
  5 tentacles (Shoals:1)
24 creatures vanquished.

Grand Total: 651 creatures vanquished

Notes
Turn   | Place    | Note
-------+----------+-------------------------------------------
     0 | D:1      | smashvw the Minotaur Berserker began the quest for the Orb.
     0 | D:1      | Reached XP level 1. HP: 19/19 MP: 0/0
   165 | D:1      | Reached XP level 2. HP: 19/27 MP: 1/1
   246 | D:1      | Reached skill level 4 in Axes
   514 | D:1      | Reached XP level 3. HP: 33/33 MP: 2/2
   838 | D:2      | Reached ** piety under Trog
   947 | D:2      | Reached XP level 4. HP: 33/41 MP: 1/3
  2036 | D:3      | Reached skill level 5 in Fighting
  2042 | D:3      | Reached skill level 5 in Axes
  2042 | D:3      | Reached XP level 5. HP: 44/48 MP: 2/4
  2254 | D:4      | Reached skill level 5 in Armour
  2275 | D:4      | Reached XP level 6. HP: 56/56 MP: 5/5
  2291 | D:4      | Found a runed translucent gate.
  2292 | D:4      | Found a runed translucent gate.
  2293 | D:4      | Found a runed translucent gate.
  2294 | D:4      | Noticed xianbchi's ghost (amateur OpBr)
  2354 | D:4      | Reached skill level 6 in Axes
  2517 | D:4      | Reached *** piety under Trog
  2572 | D:4      | Reached skill level 7 in Axes
  2794 | D:4      | Found a staircase to the Ecumenical Temple.
  2908 | D:4      | Reached XP level 7. HP: 58/61 MP: 6/6
  2926 | D:4      | Reached skill level 8 in Axes
  3105 | D:5      | Entered Level 5 of the Dungeon
  3607 | D:5      | Identified the -2 cloak of Untruth {+Inv rC++ Dex+3}
  3635 | D:5      | Reached **** piety under Trog
  3636 | D:5      | Reached skill level 9 in Axes
  3885 | D:5      | Noticed Prince Ribbit
  3899 | D:5      | Killed Prince Ribbit
  3900 | D:5      | Reached skill level 10 in Axes
  3900 | D:5      | Reached XP level 8. HP: 41/68 MP: 3/7
  4128 | D:5      | Identified the ring of Skepticism {Wiz rPois rC+ Int+3
                  | Dex-2}
  4465 | D:6      | Noticed Blork the orc
  4475 | D:6      | Killed Blork the orc
  4476 | D:6      | Reached skill level 11 in Axes
  5297 | D:6      | Reached skill level 12 in Axes
  5657 | D:7      | Noticed a cyclops
  5667 | D:7      | Killed a cyclops
  5668 | D:7      | Reached skill level 13 in Axes
  5668 | D:7      | Reached XP level 9. HP: 74/74 MP: 5/8
  5791 | D:7      | Reached skill level 14 in Axes
  6021 | D:7      | Noticed a white ugly thing
  6036 | D:7      | Killed a white ugly thing
  6037 | D:7      | Reached skill level 15 in Axes
  6374 | D:7      | Reached skill level 16 in Axes
  6716 | D:7      | HP: 2/74 [something (6)]
  7004 | D:8      | Reached XP level 10. HP: 44/81 MP: 3/9
  7010 | D:8      | Found a staircase to the Lair.
  7455 | D:8      | Reached skill level 17 in Axes
  7717 | D:8      | Noticed Psyche
  7754 | D:8      | Killed Psyche
  7755 | D:8      | Reached skill level 1 in Shields
  9338 | D:9      | Reached ***** piety under Trog
  9938 | D:9      | Reached XP level 11. HP: 76/91 MP: 7/10
 10227 | D:9      | Noticed Erica
 10236 | D:9      | Killed Erica
 10242 | D:9      | Identified a scroll of acquirement
 10337 | D:9      | Acquired the amulet "Coitu" {rC+ Will+ Regen+}
 10383 | D:9      | Noticed Harold
 10402 | D:9      | Killed Harold
 10403 | D:9      | Reached skill level 18 in Axes
 10460 | D:9      | Noticed Jeremiah
 10474 | D:9      | Killed Jeremiah
 10636 | D:9      | Reached skill level 5 in Shields
 10663 | D:9      | Found a snail-covered altar of Cheibriados.
 10747 | D:10     | Entered Level 10 of the Dungeon
 10756 | D:10     | Found a shadowy altar of Dithmenos.
 10758 | D:10     | Found a burning altar of Makhleb.
 10822 | D:10     | Found a stormy altar of Qazlal.
 10822 | D:10     | Found a shimmering blue altar of Sif Muna.
 10858 | D:10     | Found a flagged portal.
 10875 | Bailey   | Entered a bailey
 11030 | Bailey   | Found an iron altar of Okawaru.
 11105 | D:10     | Noticed Sonja
 11112 | D:10     | Killed Sonja
 11310 | D:10     | Paralysed by a hornet for 3 turns
 11335 | D:10     | Found a white marble altar of Elyvilon.
 11336 | D:10     | Found a basalt altar of Yredelemnul.
 11337 | D:10     | Found a blossoming altar of Fedhas.
 12173 | D:11     | Found Inemn's Assorted Antiques.
 12185 | D:11     | Bought a scroll of teleportation for 84 gold pieces
 12185 | D:11     | Bought a potion of curing for 84 gold pieces
 12186 | D:11     | Bought a scroll of identify for 56 gold pieces
 12239 | D:11     | Found Wurunupa's Weapon Shoppe.
 12298 | D:11     | Noticed a boulder beetle
 12313 | D:11     | Killed a boulder beetle
 12323 | D:11     | Identified the +0 plate armour "Miacwan" {rN+ Str+5}
 12336 | D:11     | Found Amaviypa's Assorted Antiques.
 12342 | D:11     | Found a staircase to the Orcish Mines.
 12389 | D:11     | Noticed an orc knight
 12400 | D:11     | Received a gift from Trog
 12403 | D:11     | Killed an orc knight
 12475 | D:11     | Identified the ring "Eggoxyn" {*Slow rElec rF- rCorr AC+4}
 12475 | D:11     | Noticed an ogre mage
 12480 | D:11     | Noticed a cyan ugly thing
 12482 | D:11     | Noticed a centaur warrior
 12483 | D:11     | Killed an ogre mage
 12494 | D:11     | Killed a cyan ugly thing
 12495 | D:11     | Reached XP level 12. HP: 63/105 MP: 11/11
 12498 | D:11     | Killed a centaur warrior
 12506 | D:11     | Noticed a centaur warrior
 12513 | D:11     | Noticed a two-headed ogre
 12532 | D:11     | Found a shimmering altar of Xom.
 12550 | D:11     | Killed a centaur warrior
 12551 | D:11     | Reached skill level 10 in Fighting
 12551 | D:11     | Reached skill level 10 in Armour
 12641 | D:11     | Killed a two-headed ogre
 12906 | D:11     | Reached skill level 10 in Shields
 12963 | D:11     | Reached skill level 1 in Evocations
 13037 | D:11     | Found Logogu's General Store.
 13428 | Lair:1   | Entered Level 1 of the Lair of Beasts
 13934 | Lair:1   | Reached skill level 5 in Evocations
 14765 | Lair:2   | Received a gift from Trog
 15001 | Lair:2   | Reached XP level 13. HP: 113/113 MP: 12/12
 15964 | Lair:3   | Found a runed translucent door.
 15964 | Lair:3   | Found a shimmering altar of Xom.
 15964 | Lair:3   | Noticed DeathSocks's ghost (journeyman VSIE)
 16282 | Lair:3   | Found a staircase to the Snake Pit.
 16959 | Lair:4   | Reached skill level 10 in Evocations
 17454 | Lair:4   | Found the +8 trishula "Condemnation" {holy, anguish, *Noise
                  | Fly rN+}
 17806 | Orc:1    | Entered Level 1 of the Orcish Mines
 17817 | Orc:1    | Found a frozen archway.
 17831 | IceCv    | Entered an ice cave
 18420 | Orc:1    | Reached XP level 14. HP: 118/127 MP: 13/13
 18460 | Orc:2    | Entered Level 2 of the Orcish Mines
 18608 | Orc:2    | Reached ****** piety under Trog
 18864 | Orc:2    | Found a staircase to the Elven Halls.
 19103 | Orc:1    | Received a gift from Trog
 19512 | Orc:2    | Found Ryinoej's Book Shoppe.
 19512 | Orc:2    | Found Qistebot's Jewellery Shoppe.
 19513 | Orc:2    | Found Dayngiv's Jewellery Shop.
 19513 | Orc:2    | Found Ycurreif's Magic Scroll Shop.
 20137 | Shoals:1 | Entered Level 1 of the Shoals
 20137 | Shoals:1 | Found Zyut's Gadget Gallery.
 20188 | Shoals:1 | Reached skill level 15 in Armour
 20445 | Shoals:1 | Found Qyicenu's General Store.
 20454 | Shoals:1 | Found Piplywal's Specific Store.
 20556 | Shoals:1 | Bought a scroll of blinking for 90 gold pieces
 20556 | Shoals:1 | Bought a scroll of fear for 48 gold pieces
 20556 | Shoals:1 | Bought a wand of iceblast (3) for 86 gold pieces
 20556 | Shoals:1 | Bought a wand of polymorph (5) for 84 gold pieces
 20556 | Shoals:1 | Bought a potion of heal wounds for 60 gold pieces
 20606 | Shoals:1 | Noticed a kraken
 20621 | Shoals:1 | Killed a kraken
 21173 | Shoals:2 | Reached skill level 1 in Polearms
 21229 | Shoals:2 | Identified the +0 scale mail of Qefau {rElec rN++ Dex+4
                  | Slay-3}
 21252 | Shoals:2 | Found Cibuesy's Firing Range.
 21521 | Shoals:2 | Noticed Jorgrun
 21535 | Shoals:2 | Killed Jorgrun
 21536 | Shoals:2 | Reached XP level 15. HP: 101/139 MP: 14/14
 21686 | Shoals:2 | Found Imneali's Weapon Shop.
 22078 | Shoals:3 | Found Cecenots's Antique Armour Shoppe.
 22109 | Shoals:3 | Received a gift from Trog
 22113 | Shoals:3 | Noticed Roxanne
 22113 | Shoals:3 | HP: 6/139 [manticore/volley of spikes (12)]
 22195 | Shoals:3 | Reached skill level 5 in Polearms
 22220 | Shoals:3 | Reached skill level 15 in Fighting
 22231 | Shoals:3 | Identified the serpent talisman of the Volcano {rC+ Will+}
 22231 | Shoals:3 | Noticed Aizul
 22270 | Shoals:3 | Killed Aizul
 23100 | Shoals:3 | Noticed Mlioglotl
 23104 | Shoals:3 | Noticed a bone dragon
 23109 | Shoals:3 | Killed Mlioglotl
 23500 | Shoals:4 | Entered Level 4 of the Shoals
 23573 | Shoals:4 | HP: 9/214 [satyr/arrow (23)]
 23600 | Shoals:4 | HP: 6/144 [merfolk/+0 halberd[a merfolk impaler] (19)]
 23600 | Shoals:4 | Mangled by a merfolk impaler

Illustrated notes

Levels and vault maps discovered:
D:1:      saegor_arrival_simple_d, layout_basic
D:2:      layout_loops_ring, minmay_fractal_squares_5
D:3:      layout_loops_ring
D:4:      layout_cave_pools, minmay_temple_entry_trees, gammafunk_ghost_split,
          glass_columns_b
D:5:      layout_basic, minmay_misc_feat_plants, grunt_decor_resistance,
          minivault_26, uniq_prince_ribbit1
D:6:      layout_gridville, dreamdust_gnoll_farm, uniq_blork_the_orc
D:7:      minmay_the_grid_octo_tiled_octocenter
          [minmay_the_grid_octo_fan_narrow, minmay_the_grid_octo_77,
          minmay_the_grid_octo_horde, minmay_the_grid_octo_checkered,
          minmay_the_grid_octo_prize_single_spiral,
          minmay_the_grid_square_5x5_two_walls_a,
          minmay_the_grid_square_5x5_bridge, minmay_the_grid_square_5x5_inner_z,
          minmay_the_grid_square_5x5_bite], layout_rooms,
          chequers_serial_rivers_micro_d, minmay_misc_feat_encased,
          nicolae_letterblocks [nicolae_letter_subblock,
          nicolae_letter_subblock, nicolae_letter_subblock,
          nicolae_letter_subblock, nicolae_letter_subblock,
          nicolae_letter_subblock, nicolae_letter_subblock,
          nicolae_letter_subblock, nicolae_letter_subblock,
          nicolae_letter_subblock, nicolae_letter_subblock,
          nicolae_letter_subblock, nicolae_letter_subblock,
          nicolae_letter_subblock, nicolae_letter_subblock,
          nicolae_letter_subblock, nicolae_letter_subblock,
          nicolae_letter_subblock, nicolae_letter_subblock,
          nicolae_letter_subblock, nicolae_letter_subblock,
          nicolae_letter_subblock, nicolae_letter_subblock,
          nicolae_letter_subblock, nicolae_letter_subblock]
D:8:      kennysheep_blocky_hall, layout_basic, due_lair_maze_entry_diamond,
          serial_rivers, chequers_serial_rivers_small_b,
          chequers_serial_rivers_large_a, chequers_serial_rivers_micro_b,
          chequers_serial_rivers_small_a, uniq_psyche
D:9:      layout_roguey, slow_altar_2, kennysheep_cross_room, uniq_erica,
          uniq_jeremiah, uniq_harold
D:10:     layout_gridville, grunt_temple_overflow_open, enter_bailey_5,
          uniq_sonja
D:11:     hangedman_cross_cluster, layout_stronghold, serial_shops,
          nicolae_shop_window_shopping, shop, shop,
          nicolae_shop_pleasant_corner_grove, xom_redecorated
Lair:1:   layout_layer_cave, infiniplex_staircase_pool
Lair:2:   layout_regular_city, nicolae_shoals_entry_flooding
Lair:3:   layout_gridlike, minmay_snake_entry_guardpost_large,
          ebering_ghost_xom, bh_autumn_forest_stairs,
          nicolae_quartered_pool_medium, grunt_megastairs_4
Lair:4:   layout_cave_pods, nicolae_lair_run_with_the_wolves
Shoals:1: layout_shoals, nicolae_specific_store, nicolae_shop_gadgets
Shoals:2: layout_shoals, serial_shops, shop, nicolae_shop_firing_range,
          uniq_jorgrun
Shoals:3: layout_shoals, serial_shops, shop, uniq_mlioglotl, uniq_aizul,
          uniq_roxanne
Shoals:4: shoals_end_hangedman, layout_shoals, nicolae_shoals_enchanted_isle
Orc:1:    layout_caves, portal_ice_cave_rime
Orc:2:    st_orc_elflike, layout_caves

Skill      XL: |  1  2  3  4  5  6  7  8  9 10 11 12 13 14 15 |
---------------+----------------------------------------------+-----
Fighting       | 4 5 6 9 10 12 14 16 | 16.0
Axes           | 4 5 7 10 13 16 17 18 | 18.0
Armour         | 3 4 5 6 9 10 12 16 17 | 17.5
Shields        | 4 8 10 | 10.0
Evocations     | 7 10 | 10.0
Polearms       | 3 7 |  7.8
Dodging        | |  2.1

Action                     |  1- 3 |  4- 6 |  7- 9 | 10-12 | 13-15 || total
---------------------------+-------+-------+-------+-------+-------++-------
  Melee: Hand axe          |    70 |   133 |   318 |   175 |       ||   696
         Headbutt          |     5 |    22 |    63 |   104 |   152 ||   346
         War axe           |       |       |       |   407 |   175 ||   582
         Unarmed           |       |       |       |    20 |       ||    20
         Trident           |       |       |       |     1 |       ||     1
         Trishula          |       |       |       |       |   706 ||   706
         Battleaxe         |       |       |       |       |    31 ||    31
 Invoke: Berserk           |     1 |     1 |     5 |     8 |    10 ||    25
         Trog's Hand       |       |       |       |       |     3 ||     3
         Brothers in Arms  |       |       |       |       |     2 ||     2
Ability: Evoke Invisibilit |       |       |       |     1 |     1 ||     2
  Evoke: Wand              |       |       |       |       |     7 ||     7
    Use: Scroll            |       |       |     5 |    19 |     9 ||    33
         Potion            |       |       |       |     3 |     8 ||    11
   Stab: Invisible         |       |       |       |     6 |     7 ||    13
         Paralysed         |       |       |       |       |     3 ||     3
 Armour: Animal skin       |    50 |     4 |       |       |       ||    54
         Scale mail        |       |    85 |    85 |       |       ||   170
         Chain mail        |       |       |   161 |   293 |       ||   454
         Skin              |       |       |       |    16 |       ||    16
         Plate armour      |       |       |       |   169 |   795 ||   964
  Dodge: Dodged            |    48 |    65 |   127 |   171 |   232 ||   643
  Block: Kite shield       |       |       |       |   165 |   433 ||   598

Table legend: (Time is in decaauts)
 A = Elapsed time spent in this place.
 B = Non-inter-level travel time spent in this place.
 C = Inter-level travel time spent in this place.
 D = Time resting spent in this place.
 E = Time spent auto-exploring this place.
 F = Levels seen in this place.
 G = Mean time per level.
                   A        B        C        D        E       F      G
               +--------+--------+--------+--------+--------+-----+--------+
         Total |  23382 |  21862 |   1520 |   2455 |  15580 |  23 | 1016.6 |
       Dungeon |  13329 |  12295 |   1034 |   1482 |   8769 |  11 | 1211.7 |
          Lair |   4340 |   4066 |    274 |    310 |   3231 |   4 | 1085.0 |
        Shoals |   3377 |   3280 |     97 |    351 |   2291 |   4 |  844.2 |
  Orcish Mines |   1665 |   1551 |    114 |    310 |    892 |   2 |  832.5 |
        Bailey |    208 |    208 |      0 |      0 |    134 |   1 |  208.0 |
      Ice Cave |    461 |    461 |      0 |      0 |    261 |   1 |  461.0 |
               +--------+--------+--------+--------+--------+-----+--------+

Top non-repeatable levels by time:
     D:8: 2337 daAuts
     D:7: 1495 daAuts
    D:11: 1456 daAuts
     D:5: 1418 daAuts
     D:9: 1382 daAuts
  Lair:3: 1332 daAuts
Shoals:3: 1178 daAuts
  Lair:1: 1149 daAuts
Shoals:2: 1122 daAuts
  Lair:2: 1035 daAuts
    D:10: 1033 daAuts
Shoals:1: 989 daAuts
   Orc:2: 976 daAuts
     D:4: 956 daAuts
     D:6: 898 daAuts
